 Dungeon Crawl Stone Soup version 0.18.1-8-gdd0e5ea (webtiles) character file.

8622 deorigin the Transmogrifier (level 11, -2/94 HPs)
             Began as a Naga Transmuter on May 24, 2016.
             Was a High Priest of Cheibriados.
             Slain by an orc
             ... wielding a +0 falchion
              (8 damage)
             ... on level 10 of the Dungeon.
             The game lasted 00:45:16 (14227 turns).

deorigin the Transmogrifier (Naga Transmuter)      Turns: 14227, Time: 00:45:16

Health: -2/94      AC:  2    Str: 25    XL:     11   Next: 33%
Magic:  21/21      EV: 21    Int: 29    God:    Cheibriados [*****.]
Gold:   553        SH:  0    Dex: 31    Spells: 7 memorised, 2 levels left

rFire  . . .     SeeInvis +       - Unarmed
rCold  . . .     Gourm    .     (armour currently unavailable)
rNeg   . . .     Faith    .     (shield currently unavailable)
rPois  x         Spirit   .     (helmet currently unavailable)
rElec  .         Dismiss  .     (cloak currently unavailable)
rCorr  .         Reflect  .     (gloves currently unavailable)
SustAt .         Harm     .     (no barding)
MR     +....                    (no amulet)
Stlth  ++++++....               (no ring)
                                l - ring of see invisible

@: spider-form, very slightly contaminated, very slow, somewhat resistant to
hostile enchantments, very stealthy
A: see invisible, (cold resistance 0), (deformed body), (poison resistance),
(slowness 0), slow metabolism 1, spit poison 2, AC +3
a: Spit Poison, End Transformation, Bend Time, Temporal Distortion, Slouch, Step
From Time, Renounce Religion


You were on level 10 of the Dungeon.
You worshipped Cheibriados.
Cheibriados was extremely pleased with you.
You were not hungry.
You were a venomous arachnid creature.
You visited 2 branches of the dungeon, and saw 12 of its levels.

You collected 773 gold pieces.
You spent 220 gold pieces at shops.

Inventory:

Hand Weapons
 o - a +1 dagger of electrocution (melded)
 Q - a +1 falchion of electrocution
 S - a +3 scimitar of flaming
Missiles
 a - 112 arrows
 D - 4 curare-tipped needles
 H - 12 tomahawks (quivered)
 V - 15 poisoned needles
Armour
 b - a +0 robe
 h - a +0 ring mail
 p - the +4 ring mail of Leaves (melded) {Stlth+}
   (You found it on level 4 of the Dungeon)

   It makes you more stealthy.
 u - a +0 helmet
 R - a +1 pair of gloves of archery (melded)
Jewellery
 l - a ring of see invisible (left front leg)
 G - an uncursed amulet of regeneration {unknown}
Wands
 f - a wand of confusion (27/48)
 y - a wand of confusion (17/48)
 M - a wand of iceblast (8/15)
 P - a wand of confusion (27/48)
Scrolls
 e - a scroll of noise {unknown}
 g - 6 scrolls of remove curse
 m - a scroll of immolation {unknown}
 n - 2 scrolls of enchant armour
 q - a scroll of magic mapping {unknown}
 r - 2 scrolls of recharging
 E - a scroll of blinking
 J - a scroll of fog {unknown}
 T - a scroll of holy word {unknown}
Potions
 j - 3 potions of brilliance
 s - 4 potions of curing
 x - a potion of agility
 z - 2 potions of cancellation
 A - 3 potions of might
 C - 2 potions of degeneration
 F - a potion of berserk rage
 I - a potion of mutation
 K - a potion of invisibility
 N - a potion of magic {unknown}
 W - a potion of beneficial mutation
Books
 c - a book of Changes

   Spells                             Type                      Level
   a - Beastly Appendage              Transmutation                1
   b - Sticks to Snakes               Transmutation                2
   c - Spider Form                    Transmutation/Poison         3
   d - Ice Form                       Ice/Transmutation            4
   e - Blade Hands                    Transmutation                5
 i - a book of Annihilations

   Spells                             Type                      Level
   a - Poison Arrow                   Conjuration/Poison           6
   b - Chain Lightning                Conjuration/Air              8
   c - Lehudib's Crystal Spear        Conjuration/Earth            8
   d - Glaciate                       Conjuration/Ice              9
   e - Fire Storm                     Conjuration/Fire             9
 k - a book of Clouds

   Spells                             Type                      Level
   a - Mephitic Cloud                 Conjuration/Poison/Air       3
   b - Conjure Flame                  Conjuration/Fire             3
   c - Poisonous Cloud                Conjuration/Poison/Air       6
   d - Freezing Cloud                 Conjuration/Ice/Air          6
   e - Ring of Flames                 Charms/Fire                  7
 B - a book of Burglary

   Spells                             Type                      Level
   a - Swiftness                      Charms/Air                   2
   b - Passwall                       Transmutation/Earth          2
   c - Passage of Golubria            Translocation                4
   d - Lee's Rapid Deconstruction     Earth                        5
   e - Darkness                       Hexes                        6
   f - Invisibility                   Hexes                        6
 L - a Necronomicon

   Spells                             Type                      Level
   a - Haunt                          Necromancy/Summoning         7
   b - Borgnjor's Revivification      Necromancy                   8
   c - Death's Door                   Charms/Necromancy            8
   d - Necromutation                  Transmutation/Necromancy     8
Miscellaneous
 O - a phial of floods
Comestibles
 d - 10 bread rations
 t - 2 beef jerkies
 v - 5 meat rations
 w - a fruit
 U - 11 royal jellies


   Skills:
 * Level 5.0 Fighting
 - Level 1.1 Short Blades
 - Level 3.3 Armour
 + Level 4.5 Dodging
 - Level 8.9 Stealth
 * Level 5.7 Unarmed Combat
 - Level 6.7 Spellcasting
 - Level 10.1 Transmutations
 - Level 2.9 Poison Magic
 * Level 4.4 Invocations


You had 2 spell levels left.
You knew the following spells:

 Your Spells              Type           Power        Failure   Level  Hunger
a - Beastly Appendage     Trmt           ######       1%          1    None
b - Sticks to Snakes      Trmt           ######..     1%          2    None
c - Spider Form           Trmt/Pois      #####.....   6%          3    None
d - Blade Hands           Trmt           ######....   10%         5    #####..
e - Ice Form              Ice/Trmt       #####...     24%         4    ##.....
f - Conjure Flame         Conj/Fire      #.......     36%         3    None
g - Mephitic Cloud        Conj/Pois/Air  ###.....     28%         3    None


Dungeon Overview and Level Annotations

Branches:
Dungeon (11/15)            Temple (1/1) D:6            Lair (0/8) D:10
    Orc (0/2) D:11

Altars:
Ashenzari
Cheibriados
Dithmenos
Elyvilon
Fedhas
Gozag
Kikubaaqudgha
Makhleb
Nemelex Xobeh
Okawaru
Pakellas
Qazlal
Ru
Sif Muna
Trog
Vehumet
Xom
Yredelemnul
Zin
The Shining One
Beogh

Shops:
D:4 (   D:9 ?

Annotations:
D:3 Scarto's ghost, amateur DsFi
D:10 exclusion: 2 oklob plants


Innate Abilities, Weirdness & Mutations

You cannot wear boots.
((Your serpentine skin is tough (AC +3).))
You have supernaturally acute eyesight.
((Armour fits poorly on your strangely shaped body.))
((Your system is resistant to poisons.))
((You cover ground very slowly.))
You have a slow metabolism.
You can spit poison.
((Your flesh is cold resistant.))


Message History

The orc misses you.
You climb upwards.
Level annotation: exclusion: 2 oklob plants
There is a stone staircase leading down here.
Unknown command.
You hit the orc warrior.
The orc warrior is poisoned.
The orc warrior is moderately wounded.
The orc completely misses you. The orc warrior hits you with a mace!
* * * LOW HITPOINT WARNING * * *
The orc hits you with a mace.
* * * LOW HITPOINT WARNING * * *
Read which item? (? for menu, Esc to quit)
Blink to where?
Press: ? - help, Dir - move target cursor You are very lightly contaminated with residual magic.
As you read the scroll of blinking, it crumbles to dust.
The orc warrior looks more healthy.
There is a stone staircase leading up here.
The orc hits you with a falchion!
You die...

##..)......# #.# #.# ##.........#
#.# #.# ##.........# #.#### ##'##
###....#### #....# ##...##
##....# ####.# ##.....## ##.....#
##.## ##.......##
##...###########...####.........#
......................'.........'
##...###########so...##.........#
##..# ###oo..###.......## ##.#
#........>#.....## ####.#
#.........##.....# #.##.#
#......†..###....# .....#
####...###.......## #.####
#.......#......... #.#
#.......#......... #.#
#.......#.........


You could see an orc warrior and 2 orcs.

Vanquished Creatures
  Erica (D:9)
  Pikel (D:4)
  Joseph (D:9)
  Sigmund (D:5)
  5 yaks
  A steam dragon (D:8)
  A hungry ghost (D:9)
  2 hippogriffs
  Grum (D:9)
  A water moccasin (D:9)
  6 sky beasts
  A black bear (D:9)
  4 orc warriors
  An ice beast (D:6)
  2 phantoms
  3 slaves (D:4)
  An ogre (D:8)
  3 wolves (D:9)
  3 centaurs
  6 giant frogs
  5 scorpions
  9 killer bees
  3 howler monkeys
  A giant frog zombie (D:10)
  A quasit (D:6)
  4 crimson imps
  A hound (D:9)
  8 jellies
  3 orc priests
  A giant frog skeleton (D:5)
  3 iguanas
  9 orc wizards
  11 worker ants
  A killer bee zombie (D:7)
  A hound zombie (D:8)
  2 worker ant zombies
  2 howler monkey skeletons
  17 adders
  2 shadow imps
  6 oozes
  3 adder skeletons
  4 adder zombies
  2 worms
  3 dart slugs
  9 giant geckos
  28 orcs
  4 giant cockroaches
  5 goblins
  9 hobgoblins
  16 jackals
  5 quokkas
  13 bats
  6 giant newts
  9 kobolds
  A quokka skeleton (D:5)
  7 rats
259 creatures vanquished.

Vanquished Creatures (collateral kills)
  Snorg (D:10)
  4 yaks
  A wyvern (D:9)
  An orc priest (D:7)
  An iguana (D:9)
  2 orcs (D:7)
10 creatures vanquished.

Vanquished Creatures (others)
  7 plants (D:10)
7 creatures vanquished.

Grand Total: 276 creatures vanquished

Notes
Turn   | Place    | Note
--------------------------------------------------------------
     0 | D:1      | deorigin the Naga Transmuter began the quest for the Orb.
     0 | D:1      | Reached XP level 1. HP: 18/18 MP: 3/3
   343 | D:1      | Reached XP level 2. HP: 25/25 MP: 3/5
   409 | D:1      | Reached skill level 3 in Transmutations
   863 | D:1      | Reached XP level 3. HP: 27/31 MP: 4/6
  1605 | D:2      | Learned a level 2 spell: Sticks to Snakes
  1610 | D:2      | Reached skill level 4 in Transmutations
  1616 | D:2      | Learned a level 3 spell: Spider Form
  1639 | D:2      | Reached XP level 4. HP: 30/38 MP: 7/7
  1959 | D:2      | Reached skill level 1 in Poison Magic
  2029 | D:2      | Found a faded altar to an unknown god.
  2109 | D:2      | Reached skill level 1 in Stealth
  2184 | D:2      | Reached XP level 5. HP: 44/44 MP: 8/8
  2408 | D:3      | Found an iron altar of Okawaru.
  2410 | D:3      | Found a glowing silver altar of Zin.
  2411 | D:3      | Found an opulent altar of Gozag.
  2643 | D:3      | Found a radiant altar of Vehumet.
  2666 | D:3      | Reached skill level 5 in Transmutations
  2907 | D:3      | Found a shattered altar of Ashenzari.
  2911 | D:3      | Saw a vision of the Shoals and the Snake Pit.
  2911 | D:3      | Noticed a siren
  2911 | D:3      | Noticed a merfolk
  2911 | D:3      | Noticed a merfolk
  2911 | D:3      | Noticed a sea snake
  2911 | D:3      | Noticed a black mamba
  2911 | D:3      | Noticed a naga mage
  2911 | D:3      | Noticed a shock serpent
  2911 | D:3      | Noticed a black mamba
  2911 | D:3      | Noticed a naga
  2911 | D:3      | Noticed a guardian serpent
  2912 | D:3      | Noticed a centaur
  2912 | D:3      | Noticed a naga sharpshooter
  2912 | D:3      | Noticed an anaconda
  2913 | D:3      | Noticed a mana viper
  2930 | D:3      | Noticed Scarto's ghost (amateur DsFi)
  3644 | D:4      | Reached skill level 1 in Short Blades
  3644 | D:4      | Reached XP level 6. HP: 43/51 MP: 7/9
  3674 | D:4      | Found Zeled's Antique Weapon Emporium.
  3859 | D:4      | Noticed Pikel
  3859 | D:4      | Noticed a slave
  3860 | D:4      | Noticed a slave
  3860 | D:4      | Noticed a slave
  3909 | D:4      | Killed a slave
  3935 | D:4      | Killed a slave
  4251 | D:4      | Noticed a slave
  4262 | D:4      | Killed a slave
  4328 | D:4      | Killed Pikel
  4328 | D:4      | Reached skill level 7 in Transmutations
  4328 | D:4      | Reached XP level 7. HP: 41/57 MP: 7/11
  4336 | D:4      | Learned a level 5 spell: Blade Hands
  4463 | D:4      | Reached XP level 8. HP: 50/64 MP: 10/12
  4648 | D:4      | Got a slimy ring mail
  5051 | D:4      | Identified the +4 ring mail of Leaves {Stlth+} (You found it on level 4 of the Dungeon)
  5105 | D:5      | Entered Level 5 of the Dungeon
  5113 | D:5      | Reached skill level 5 in Stealth
  5215 | D:5      | Noticed Sigmund
  5221 | D:5      | Killed Sigmund
  5221 | D:5      | Reached skill level 8 in Transmutations
  5491 | D:5      | Learned a level 4 spell: Ice Form
  5568 | D:5      | Reached skill level 1 in Armour
  5714 | D:6      | Found a staircase to the Ecumenical Temple.
  5724 | Temple   | Entered the Ecumenical Temple
  5968 | D:6      | Found a snail-covered altar of Cheibriados.
  5975 | D:6      | Became a worshipper of Cheibriados the Contemplative
  6597 | D:6      | Reached XP level 9. HP: 42/70 MP: 14/16
  6907 | D:6      | Reached * piety under Cheibriados
  7071 | D:6      | Reached skill level 5 in Spellcasting
  7212 | D:6      | Found a sparkling altar of Nemelex Xobeh.
  7357 | D:6      | Found a sacrificial altar of Ru.
  7427 | D:6      | Found an oddly glowing altar of Pakellas.
  7923 | D:7      | Reached skill level 9 in Transmutations
  8062 | D:7      | Reached ** piety under Cheibriados
  8230 | D:7      | Found a blossoming altar of Fedhas.
  8402 | D:7      | Found a basalt altar of Yredelemnul.
  8637 | D:7      | Found a bloodstained altar of Trog.
  9461 | D:8      | Gained mutation: Your flesh is cold resistant. [potion of beneficial mutation]
  9488 | D:8      | Reached *** piety under Cheibriados
  9660 | D:8      | Reached XP level 10. HP: 65/78 MP: 19/19
  9758 | D:8      | Learned a level 3 spell: Conjure Flame
  9762 | D:8      | Learned a level 3 spell: Mephitic Cloud
  9776 | D:8      | Found a white marble altar of Elyvilon.
 10023 | D:8      | Reached skill level 10 in Transmutations
 10569 | D:9      | Reached **** piety under Cheibriados
 10751 | D:9      | Found Zoawk's Magic Scroll Shop.
 10751 | D:9      | Noticed Erica
 10770 | D:9      | Killed Erica
 10771 | D:9      | Noticed Joseph
 10945 | D:9      | Killed Joseph
 10971 | D:9      | Bought a scroll of fear for 35 gold pieces
 10971 | D:9      | Bought a scroll of remove curse for 30 gold pieces
 10971 | D:9      | Bought a scroll of enchant armour for 75 gold pieces
 10971 | D:9      | Bought a scroll of identify for 20 gold pieces
 10971 | D:9      | Bought a scroll of identify for 20 gold pieces
 10971 | D:9      | Bought a scroll of identify for 20 gold pieces
 10971 | D:9      | Bought a scroll of identify for 20 gold pieces
 11259 | D:9      | Noticed Grum
 11581 | D:9      | Killed Grum
 11776 | D:9      | Reached ***** piety under Cheibriados
 11979 | D:10     | Entered Level 10 of the Dungeon
 12000 | D:10     | Noticed an oklob plant
 12000 | D:10     | Noticed an oklob plant
 12547 | D:10     | Reached XP level 11. HP: 37/91 MP: 17/21
 12788 | D:10     | Noticed Snorg
 12802 | D:10     | Killed Snorg
 12802 | D:10     | Reached skill level 5 in Unarmed Combat
 14004 | D:10     | Noticed a hill giant
 14030 | D:10     | Reached skill level 5 in Fighting
 14058 | D:10     | Found a staircase to the Lair.
 14200 | D:11     | Found a roughly hewn altar of Beogh.
 14200 | D:11     | Found a staircase to the Orcish Mines.
 14200 | D:11     | Noticed an orc knight
 14204 | D:11     | Noticed an orc knight
 14220 | D:10     | HP: 3/94 [orc/mace (5)]
 14227 | D:10     | Slain by an orc

Skill      XL: |  1  2  3  4  5  6  7  8  9 10 11 |
---------------+----------------------------------+-----
Transmutations | 3 4 5 7 8 9 10 | 10.1
Poison Magic   | 1 2 |  2.9
Stealth        | 1 2 4 6 8 |  8.9
Short Blades   | 1 |  1.1
Spellcasting   | 3 4 6 |  6.7
Armour         | 2 3 |  3.3
Fighting       | 3 5 |  5.0
Dodging        | 3 4 |  4.5
Invocations    | 3 4 |  4.4
Unarmed Combat | 4 5 |  5.7

Action                   |  1- 3 |  4- 6 |  7- 9 | 10-12 || total
-------------------------+-------+-------+-------+-------++-------
Melee: Unarmed           |    63 |    29 |    59 |   106 ||   257
       Headbutt          |     9 |     6 |    13 |    13 ||    41
       Punch             |     1 |     2 |     2 |     6 ||    11
       Dagger            |    15 |   131 |   265 |   167 ||   578
 Cast: Beastly Appendage |    13 |    15 |    16 |     8 ||    52
       Spider Form       |       |     9 |     9 |     3 ||    21
       Sticks to Snakes  |       |       |     7 |    12 ||    19
       Blade Hands       |       |       |       |    11 ||    11
Invok: Slouch            |       |       |       |     1 ||     1
 Abil: Spit Poison       |    29 |    32 |    19 |    12 ||    92
       End Transformatio |       |       |     1 |       ||     1
  Use: Scroll            |       |       |     9 |     9 ||    18
       Potion            |       |       |     1 |       ||     1
 Stab: Sleeping          |       |     1 |    15 |     6 ||    22
       Distracted        |       |       |     2 |     5 ||     7
  Eat: Chunk             |     3 |    10 |    12 |    12 ||    37
       Fruit             |       |       |     3 |     1 ||     4
Armor: Robe              |    28 |    43 |     1 |       ||    72
       Ring mail         |       |       |   140 |   150 ||   290
       Skin              |       |       |     3 |     4 ||     7
Dodge: Dodged            |    64 |    84 |   206 |   236 ||   590
